 Dungeon Crawl Stone Soup version 0.28-a0-984-g3775c662fe (webtiles) character file.

Game seed: 6230306486566133243

408 siradein the Skirmisher (level 6, 0/55 HPs)
             Began as a Draconian Fighter on Dec 4, 2021.
             Was an Initiate of Okawaru.
             Slain by Prince Ribbit (16 damage)
             ... on level 5 of the Dungeon.
             The game lasted 00:08:22 (5424 turns).

siradein the Skirmisher (Draconian Fighter)         Turns: 5424, Time: 00:08:22

Health: 0/55       AC:  6    Str: 18    XL:     6   Next: 57%
Magic:  6/6        EV: 13    Int:  9    God:    Okawaru [......]
Gold:   132        SH:  5    Dex: 12    Spells: 2/5 levels left

rFire   . . .      SeeInvis .   c - +2 dagger (vamp)
rCold   . . .      Faith    .   b - +0 buckler
rNeg    . . .      Spirit   .   (armour unavailable)
rPois   .          Reflect  .   (helmet restricted)
rElec   .          Harm     .   (no cloak)
rCorr   +          Rampage  .   (no gloves)
Will    .....                   (no boots)
Stlth   +.........              (no amulet)
HPRegen 0.18/turn               t - ring of resist corrosion
MPRegen 0.10/turn               (no ring)

@: no status effects
A: AC +6, unfitting armour, cold-blooded
a: Renounce Religion


You were on level 5 of the Dungeon.
You worshipped Okawaru.
Okawaru was noncommittal.
You visited 2 branches of the dungeon, and saw 6 of its levels.

You collected 180 gold pieces.
You spent 48 gold pieces at shops.

Inventory:

Hand Weapons
 a - a +0 long sword
 c - a +2 vampiric dagger (weapon)
Missiles
 o - a throwing net (quivered)
Armour
 b - a +0 buckler (worn)
Jewellery
 l - a ring of ice
 t - a ring of resist corrosion (left hand)
Wands
 u - a wand of polymorph (10)
Scrolls
 d - a scroll of identify
 f - a scroll of holy word
 h - a scroll of vulnerability {unknown}
 i - a scroll of immolation
 j - 3 scrolls of fog
 m - 2 scrolls of teleportation
 n - a scroll of acquirement
 p - a scroll of blinking {unknown}
 q - a scroll of enchant weapon {unknown}
 s - a scroll of silence {unknown}
Potions
 e - a potion of mutation {unknown}
 g - a potion of cancellation {unknown}
 k - 3 potions of curing
 r - a potion of heal wounds {unknown}
 v - a potion of magic {unknown}


   Skills:
 + Level 4.9 Fighting
 + Level 3.7 Long Blades
 + Level 4.0 Dodging
 + Level 4.4 Shields
 + Level 1.5 Necromancy


You had 2 spell levels left.
You knew the following spells:

 Your Spells              Type           Power      Damage    Failure   Level
a - Vampiric Draining     Necr           2%         2d6       54%         3

Your spell library contained the following spells:

 Spells                   Type           Power      Damage    Failure   Level
 Slow                     Hex            0%         N/A       38%         1
 Static Discharge         Conj/Air       0%         N/A       52%         2
 Confusing Touch          Hex            0%         N/A       77%         3
 Portal Projectile        Hex/Tloc       0%         N/A       77%         3
 Excruciating Wounds      Necr           1%         N/A       99%         5
 Blade Hands              Tmut           0%         N/A       100%        5
 Lightning Bolt           Conj/Air       0%         1d11      100%        5
 Maxwell's Capacitive Co  Air            0%         ∞         100%        8


Dungeon Overview and Level Annotations

Branches:
Dungeon (5/15)             Temple (1/1) D:5

Altars:
Nemelex Xobeh
Okawaru
Trog

Shops:
D:4 (   D:5 *

Annotations:
D:4 2 transporters
D:5 Prince Ribbit


Innate Abilities, Weirdness & Mutations

Your plain brown scales are hard. (AC +6)
You cannot fit into any form of body armour.
You are cold-blooded and may be slowed by cold attacks.


Message History

No target in view!
No target in view!
Prince Ribbit blinks!
Prince Ribbit is nearby!
Prince Ribbit misses you.
You hit Prince Ribbit.
You feel better.
Prince Ribbit is lightly wounded.
Prince Ribbit blinks!
Prince Ribbit hits you!
You hit Prince Ribbit.
You feel better.
Prince Ribbit is moderately wounded.
You block Prince Ribbit's attack.
You hit Prince Ribbit. You tail-slap Prince Ribbit.
Prince Ribbit is heavily wounded.
Prince Ribbit misses you. You block Prince Ribbit's attack.
You barely miss Prince Ribbit.
Prince Ribbit is moderately wounded.
Prince Ribbit blinks!
No target in view!
No target in view!
Prince Ribbit is nearby!
You block Prince Ribbit's attack.
You hit Prince Ribbit.
You feel better.
Prince Ribbit is heavily wounded.
Prince Ribbit hits you!
You are too injured to fight recklessly!
You are too injured to fight recklessly!
You are too injured to fight recklessly!
You are too injured to fight recklessly!
You miss Prince Ribbit.
Prince Ribbit is heavily wounded.
Prince Ribbit hits you.
* * * LOW HITPOINT WARNING * * *
You closely miss Prince Ribbit.
Prince Ribbit is heavily wounded.
Prince Ribbit misses you.
You hit Prince Ribbit.
Prince Ribbit is heavily wounded.
Prince Ribbit barely misses you. Prince Ribbit hits you!
You die...

#.# #.# #.# #.# #.#
#.# #.# #.# #.# #.#
#.# .# #.# #.# ###..
#######.###.# ......
........F@..#
...#.#########.#####
...#..# #.# ......##
#.#
.......#######.###
.................#
.................#
.................#
.#####..######.###


You could see Prince Ribbit.

Vanquished Creatures
  Duvessa (D:5)
  Dowan (D:5)
  2 hounds (D:4)
  A jelly (D:5)
  5 adders
  4 gnolls
  A worm (D:3)
  An adder skeleton (D:4)
  2 dart slugs
  4 orcs
  6 endoplasms
  6 giant cockroaches
  3 goblins
  8 hobgoblins
  4 jackals (D:4)
  6 kobolds
  5 quokkas
  6 ball pythons
  5 bats
  5 frilled lizards
  9 rats
85 creatures vanquished.

Notes
Turn   | Place    | Note
-------+----------+-------------------------------------------
     0 | D:1      | siradein the Draconian Fighter began the quest for the Orb.
     0 | D:1      | Reached XP level 1. HP: 19/19 MP: 1/1
   303 | D:1      | Reached XP level 2. HP: 26/26 MP: 2/2
   515 | D:1      | Reached XP level 3. HP: 29/33 MP: 3/3
   600 | D:1      | You fall into a shaft and drop 1 floor!
  1246 | D:2      | Reached XP level 4. HP: 30/40 MP: 4/4
  2348 | D:3      | Identified a scroll of acquirement
  3197 | D:3      | Found a faded altar of an unknown god.
  3279 | D:4      | Found a transporter.
  3388 | D:4      | Found a transporter.
  3390 | D:4      | Noticed a fire bat
  3395 | D:4      | Reached XP level 5. HP: 46/46 MP: 5/5
  3404 | D:4      | Learned a level 3 spell: Vampiric Draining
  3802 | D:4      | Found Okler's Antique Weapon Shop.
  4333 | D:4      | Noticed a fire bat
  4525 | D:5      | Entered Level 5 of the Dungeon
  4552 | D:5      | Noticed Duvessa
  4571 | D:5      | Noticed Dowan
  4575 | D:5      | Killed Duvessa
  4576 | D:5      | Reached skill level 1 in Necromancy
  4576 | D:5      | Reached XP level 6. HP: 41/53 MP: 6/6
  4856 | D:5      | Killed Dowan
  5100 | D:5      | Found a staircase to the Ecumenical Temple.
  5128 | Temple   | Entered the Ecumenical Temple
  5148 | Temple   | Became a worshipper of Warmaster Okawaru
  5299 | D:5      | Found Puosyqer's Assorted Antiques.
  5302 | D:5      | Bought a scroll of identify for 48 gold pieces
  5396 | D:5      | Noticed Prince Ribbit
  5424 | D:5      | Slain by Prince Ribbit

Illustrated notes

Levels and vault maps discovered:
D:1:      eino_arrival_cavern_c, layout_rooms, amcnicky_mini_corridor_feature
D:2:      layout_basic
D:3:      layout_basic, dilly_ecumenical_altar_fadedgnrine, kennysheep_doodads
D:4:      gammafunk_cloud_chamber, layout_loops_corners, serial_shops,
          shop_fountains
D:5:      layout_basic, minmay_temple_entry_tees, serial_shops, kennysheep_mini,
          uniq_prince_ribbit1, uniq_duvessa
Temple:   mainiacjoe_temple_archimedes_tessellation

Skill      XL: |  1  2  3  4  5  6 |
---------------+-------------------+-----
Dodging        | 3 4 |  4.0
Fighting       | 4 |  4.9
Long Blades    | 3 |  3.7
Shields        | 4 |  4.4
Necromancy     | 1 |  1.5

Action                   |  1- 3 |  4- 6 || total
-------------------------+-------+-------++-------
Melee: Long sword        |    86 |   138 ||   224
       Tailslap          |    12 |    19 ||    31
       Dagger            |       |    37 ||    37
  Use: Scroll            |       |     8 ||     8
       Potion            |       |     1 ||     1
 Stab: Distracted        |       |     1 ||     1
Armor: Skin              |    26 |    39 ||    65
Dodge: Dodged            |    68 |   124 ||   192
Block: Buckler           |    31 |    32 ||    63

Table legend: (Time is in decaauts)
 A = Elapsed time spent in this place.
 B = Non-inter-level travel time spent in this place.
 C = Inter-level travel time spent in this place.
 D = Time resting spent in this place.
 E = Time spent auto-exploring this place.
 F = Levels seen in this place.
 G = Mean time per level.
                   A        B        C        D        E       F      G
               +--------+--------+--------+--------+--------+-----+--------+
         Total |   5488 |   5359 |    129 |   1047 |   3390 |   6 |  914.7 |
       Dungeon |   5442 |   5335 |    107 |   1047 |   3378 |   5 | 1088.4 |
        Temple |     45 |     23 |     22 |      0 |     12 |   1 |   45.0 |
               +--------+--------+--------+--------+--------+-----+--------+

Top non-repeatable levels by time:
     D:4: 1567 daAuts
     D:1: 1185 daAuts
     D:2: 1165 daAuts
     D:3: 927 daAuts
     D:5: 596 daAuts
  Temple: 45 daAuts
